 Dungeon Crawl Stone Soup version 0.17-a0-2073-gde5cdba (webtiles) character file.

277 Gorice the Sneak (level 6, -1/32 HPs)
             Began as a Spriggan Wanderer on Oct 15, 2015.
             Slain by an orc
             ... wielding a +0 short sword
              (4 damage)
             ... on level 4 of the Dungeon.
             The game lasted 00:15:57 (4605 turns).

Gorice the Sneak (Spriggan Wanderer)                Turns: 4605, Time: 00:15:58

Health: -1/32      AC:  3    Str:  8    XL:     6   Next: 4%
Magic:  7/7        EV: 20    Int: 12    God:
Gold:   182        SH:  0    Dex: 19    Spells: 0 memorised, 5 levels left

rFire  . . .     SeeInvis +     a - +0 quarterstaff
rCold  . . .     Clarity  .     d - +0 robe
rNeg   . . .     SustAt   .     (shield restricted)
rPois  .         Gourm    .     (helmet restricted)
rElec  .         Spirit   .     u - +0 cloak
rCorr  .         Warding  .     (gloves unavailable)
rMut   .         Stasis   .     (boots unavailable)
MR     +....                    (no amulet)
Stlth  ++++......               (no ring)
                                (no ring)

@: very quick, somewhat resistant to hostile enchantments, stealthy
A: unfitting armour, see invisible, herbivore 3, speed 3, slow metabolism 2
a: no special abilities


You were on level 4 of the Dungeon.
You were not hungry.

You visited 1 branch of the dungeon, and saw 4 of its levels.

You collected 182 gold pieces.

Inventory:

Hand Weapons
 a - a +0 quarterstaff (weapon)
 b - a +2 short sword
 e - a +0 dagger
 s - a +3 quarterstaff of chaos
   (You took it off Crazy Yiuf on level 3 of the Dungeon)
 B - a +0 blowgun
Missiles
 g - 7 curare-tipped needles
 o - 16 sling bullets
 X - 2 tomahawks of dispersal (quivered)
 Z - 42 stones
Armour
 d - a +0 robe (worn)
 u - a +0 cloak (worn)
Scrolls
 j - a scroll of blinking {unknown}
 l - 3 scrolls of enchant weapon {unknown}
 m - 2 scrolls of remove curse {unknown}
 p - a scroll of random uselessness {unknown}
 t - a scroll of enchant armour {unknown}
Potions
 c - 6 potions of curing
 h - a potion of flight
 i - 3 potions of lignification {!q}
 k - a potion of resistance {!q}
 n - a potion of degeneration {unknown}
 q - 2 potions of cancellation {unknown}
Comestibles
 f - 2 bread rations {!e}
 r - 2 fruits


   Skills:
 + Level 3.5 Fighting
 - Level 2.1 Short Blades
 * Level 3.0 Staves
 + Level 4.1 Dodging
 - Level 5.8 Stealth
 - Level 1.0 Unarmed Combat


You had 5 spell levels left.
You didn't know any spells.

Dungeon Overview and Level Annotations

Branches:
Dungeon (4/15)
 Temple: D:4-7

Altars:
Dithmenos
Fedhas
Kikubaaqudgha
Makhleb
Nemelex Xobeh
Okawaru
Ru
Sif Muna
Vehumet
The Shining One

Annotations:
D:3 pUXL shaft passthru
D:4 UX: shafted here


Innate Abilities, Weirdness & Mutations

You are tiny and cannot use many weapons and most armour.
You have supernaturally acute eyesight.
You are a herbivore.
You cover ground extremely quickly.
You need consume almost no food.


Message History

The tomahawk of dispersal hits Crazy Yiuf but does no damage.
Crazy Yiuf is heavily wounded.
You start waiting.
Throwing (i - inventory. (,) - cycle):
X - 3 tomahawks of dispersal (quivered)
Press: ? - help, Shift-Dir - straight line, f/p - Crazy Yiuf
Aim: Crazy Yiuf, wielding a quarterstaff of chaos and wearing a cloak (almost dead, slow, poisoned, unusually resistant)
You throw a tomahawk of dispersal.
The tomahawk of dispersal hits Crazy Yiuf.
Crazy Yiuf blinks!
Your Staves skill increases to level 3!
You have reached level 6!
Your experience leads to an increase in your attributes!
Increase (S)trength, (I)ntelligence, or (D)exterity?
You feel clever.
You feel a bit more experienced.
Things that are here:
a quarterstaff of chaos; a cloak; the gnoll corpse of Crazy Yiuf
s - a quarterstaff of chaos;
u - a cloak
g - 7 curare-tipped needles (gained 1) Wear which item? (? for menu, Esc to quit)
You start putting on your armour.
You continue putting on your cloak.
You continue putting on your cloak. x3
You finish putting on your +0 cloak.
Wield which item (- for none, * to show all)? (? for menu, Esc to quit)
It is briefly surrounded by a scintillating aura of random colours.
s - a +3 quarterstaff of chaos (weapon)
Wield which item (- for none, * to show all)? (? for menu, Esc to quit)
a - a +0 quarterstaff (weapon)
You see here the gnoll corpse of Crazy Yiuf.
Done exploring.
You see here a spear.
There is a stone staircase leading down here.
You climb downwards.
Level annotation: UX: shafted here The orc warrior hits you with a trident!!
Ouch! That really hurt!
The giant newt barely misses you. The orc hits you with a short sword.
* * * LOW HITPOINT WARNING * * *
The orc misses you.
There is a stone staircase leading up, spattered with blood here.
You see here an arrow.
Damage: 24 (max 24) Unknown command.
Unknown command.
The orc warrior hits you from afar with a trident.
* * * LOW HITPOINT WARNING * * *
The giant newt bites you.
* * * LOW HITPOINT WARNING * * *
The orc hits you with a short sword.
You die...

#.##.........).....<............
#...#####.......................
#...# #.......................
#...# #.......................
#...# #.>.....................
##...# #.......................
.#.### #.......c...............
.#.# #......>oO..............
.#.# #......@<...............
.#.# #......olo..............
.#.# #.......................
.#.# #.#.......#.###.########
.#.# #.###.#.#.#.###.# ## .#.#
#.# #.#.#.#.#...# #. .#.# #.#
....#.#.#.#########. .#.#
#.#.#.###.#.#......O.... .#.#
#.# .. #.#.##########..


You could see an orc warrior, an ogre, a centaur, 2 orcs and a giant newt.

Vanquished Creatures
  A giant frog (D:3)
  Crazy Yiuf (D:3)
  A giant frog skeleton (D:4)
  A hound (D:4)
  A worker ant (D:4)
  5 gnolls
  An adder (D:2)
  An ooze (D:2)
  A worm (D:2)
  An orc (D:4)
  6 bats
  A giant cockroach (D:2)
  2 hobgoblins
  2 giant geckos
  4 giant newts
  5 goblins
  5 jackals (D:1)
  A jackal skeleton (D:4)
  A kobold (D:3)
  2 quokkas
  4 rats (D:3)
47 creatures vanquished.

Notes
Turn   | Place    | Note
--------------------------------------------------------------
     0 | D:1      | Gorice the Spriggan Wanderer began the quest for the Orb.
     0 | D:1      | Gorice set off with: a +2 short sword, a +0 quarterstaff, a potion of curing, a +0 robe, a +0 dagger, a bread ration {!e}
     0 | D:1      | Reached XP level 1. HP: 11/11 MP: 2/2
   112 | D:1      | Reached skill level 1 in Dodging
   112 | D:1      | Reached XP level 2. HP: 16/16 MP: 3/3
   142 | D:1      | Reached skill level 1 in Staves
   846 | D:2      | Reached skill level 2 in Dodging
  1002 | D:2      | Reached XP level 3. HP: 19/19 MP: 4/4
  1348 | D:2      | You fall through a shaft for 2 floors!
  1496 | D:2      | Reached XP level 4. HP: 23/23 MP: 5/5
  2004 | D:3      | Noticed Crazy Yiuf
  2263 | D:4      | Reached skill level 3 in Fighting
  2263 | D:4      | Reached skill level 2 in Staves
  2263 | D:4      | Reached skill level 3 in Dodging
  2324 | D:4      | Found a sparkling altar of Nemelex Xobeh.
  2325 | D:4      | Noticed an orc warrior
  2737 | D:4      | Noticed an ogre
  2885 | D:4      | Noticed a giant frog
  2932 | D:3      | HP: 5/24 [giant frog (3)]
  2961 | D:3      | Killed a giant frog
  2961 | D:3      | Reached XP level 5. HP: 8/28 MP: 6/6
  3365 | D:4      | Found a shadowy altar of Dithmenos.
  3429 | D:4      | Found a burning altar of Makhleb.
  3706 | D:4      | Reached skill level 4 in Dodging
  3857 | D:4      | Noticed a centaur
  3915 | D:4      | Found a sparkling altar of Nemelex Xobeh.
  4000 | D:4      | Found an ancient bone altar of Kikubaaqudgha.
  4000 | D:4      | Found an iron altar of Okawaru.
  4001 | D:4      | Found a blossoming altar of Fedhas.
  4001 | D:4      | Found a radiant altar of Vehumet.
  4002 | D:4      | Found a deep blue altar of Sif Muna.
  4003 | D:4      | Found a sacrificial altar of Ru.
  4005 | D:4      | Found a glowing golden altar of the Shining One.
  4553 | D:3      | Killed Crazy Yiuf
  4553 | D:3      | Reached skill level 3 in Staves
  4553 | D:3      | Reached XP level 6. HP: 32/32 MP: 7/7
  4604 | D:4      | HP: 8/32 [orc/short sword (2)]
  4605 | D:4      | HP: 3/32 [giant newt (3)]
  4605 | D:4      | Slain by an orc

Vault maps used:
D:1:      minmay_arrival_doors, minmay_misc_feat_columns
D:3:      uniq_crazy_yiuf_cottage
D:4:      grunt_dithmenos_smoke, kennysheep_mini, minitemple,
          nemelex_xobeh_ov_fountains_minmay

Action                   |  1- 3 |  4- 6 || total
-------------------------+-------+-------++-------
Melee: Short sword       |    47 |    70 ||   117
       Quarterstaff      |       |    10 ||    10
 Fire: Blowgun           |       |     1 ||     1
Throw: Stone             |       |     9 ||     9
       Tomahawk          |       |    24 ||    24
  Use: Scroll            |     3 |       ||     3
 Stab: Sleeping          |    15 |     3 ||    18
       Distracted        |     1 |     1 ||     2
  Eat: Fruit             |       |     1 ||     1

Table legend:
 A = Turns spent in this place as a percentage of turns spent in the entire game.
 B = Non-inter-level travel turns spent in this place as a percentage of non-inter-level travel turns spent in the entire game.
 C = Inter-level travel turns spent in this place as a percentage of turns spent in this place.
 D = Turns resting spent in this place as a percentage of non-inter-level travel turns spent in this place.
 E = Turns spent auto-exploring this place as a percentage of non-inter-level travel turns spent in this place.
 F = Non-inter-level travel turns spent in this place divided by the number of levels of this place that you've seen.
                   A       B       C       D       E      F
               +-------+-------+-------+-------+-------+----------------------
         Total | 100.0 | 100.0 |   0.9 |   2.9 |   5.8 | 313.2
       Dungeon | 100.0 | 100.0 |   0.9 |   2.9 |   5.8 | 313.2
               +-------+-------+-------+-------+-------+----------------------

Vault maps used:
D:1:      minmay_arrival_doors, minmay_misc_feat_columns
D:3:      uniq_crazy_yiuf_cottage
D:4:      grunt_dithmenos_smoke, kennysheep_mini, minitemple,
          nemelex_xobeh_ov_fountains_minmay
